 Dungeon Crawl Stone Soup version 0.21-a0-522-ga8338f0 (webtiles) character file.

3213 Firecrotchwizard the Magician (level 9, -1/63 HPs)
             Began as a Gnoll Skald on Dec 7, 2017.
             Was a Follower of Hepliaklqana.
             Slain by TheHza's ghost (20 damage)
             ... on level 9 of the Dungeon.
             The game lasted 00:34:52 (9153 turns).

Firecrotchwizard the Magician (Gnoll Skald)         Turns: 9153, Time: 00:34:52

Health: -1/63      AC:  7    Str: 14    XL:     9   Next: 97%
Magic:  10/19      EV: 19    Int: 21    God:    Hepliaklqana [*.....]
Gold:   335        SH:  9    Dex: 15    Spells: 7/21 levels left

rFire    . . .     SeeInvis .   e - +1 dagger
rCold    . . .     Gourm    .   l - +0 shield
rNeg     . . .     Faith    .   x - +1 steam dragon scales
rPois    .         Spirit   .   (no helmet)
rElec    +         Reflect  .   (no cloak)
rCorr    .         Harm     .   (no gloves)
MR       +....                  (no boots)
Stlth    +++.......             E - amulet of Qaticij {rElec MR+ Regen+}
HPRegen  0.60/turn              m - +5 ring of evasion
MPRegen  0.16/turn              s - +3 ring of intelligence

@: infused, very slightly contaminated
A: distributed training, reduced essence, fangs 1, strong nose
a: Recall Ancestor, Ancestor Identity, Renounce Religion


You were on level 9 of the Dungeon.
You worshipped Hepliaklqana.
Hepliaklqana was aware of your devotion.
You were not hungry.

You visited 2 branches of the dungeon, and saw 10 of its levels.

You collected 335 gold pieces.

Inventory:

Hand Weapons
 a - a +0 short sword
 e - a +1 dagger (weapon)
   (You took it off a goblin on level 1 of the Dungeon)
 j - a +1 morningstar of protection
   (You took it off a wight on level 8 of the Dungeon)
 t - a +2 whip of flaming
   (You took it off Pikel on level 5 of the Dungeon)
Missiles
 i - 37 poisoned needles
Armour
 b - a +0 buckler
   (You found it on level 6 of the Dungeon)
 l - a +0 shield (worn)
   (You found it on level 4 of the Dungeon)
 x - +1 steam dragon scales (worn)
   (You found it on level 3 of the Dungeon)
Jewellery
 m - a +5 ring of evasion (left hand)
   (You found it on level 2 of the Dungeon)
 n - an uncursed ring of protection from cold {rC+, !d}
   (You found it on level 6 of the Dungeon)
 s - a +3 ring of intelligence (right hand)
   (You took it off an orc priest on level 2 of the Dungeon)
 y - an uncursed ring of fire {rF+, rC-}
   (You took it off a gnoll on level 4 of the Dungeon)
 z - an uncursed ring of flight {+Fly, !d}
   (You found it on level 4 of the Dungeon)
 E - the amulet of Qaticij (around neck) {rElec MR+ Regen+}
   (You found it on level 7 of the Dungeon)

   [amulet of regeneration]

   It insulates you from electricity.
   It affects your resistance to hostile enchantments.
   It increases your rate of regeneration.
Wands
 J - a wand of iceblast (10)
   (You found it on level 8 of the Dungeon)
Scrolls
 f - 4 scrolls of remove curse
 g - 2 scrolls of identify
 h - 2 scrolls of amnesia
 k - a scroll of fear
 B - a scroll of magic mapping {!r}
 F - 2 scrolls of teleportation
 I - a scroll of enchant armour
Potions
 c - a potion of mutation {unknown}
 p - a potion of heal wounds
 q - a potion of lignification {unknown}
 r - a potion of flight {unknown}
 v - 2 potions of haste
 w - a potion of magic
 A - 2 potions of curing
 C - a potion of brilliance {unknown}
 D - a potion of berserk rage {unknown}
 H - a potion of agility {unknown}
Books
 u - a book of Clouds
   (You found it on level 7 of the Dungeon)
Comestibles
 d - 3 bread rations {@e1}
 o - a meat ration {@e2}
 G - 7 chunks of flesh {@w0}


   Skills:
 + Level 6.6 Fighting
 + Level 6.6 Short Blades
 + Level 4.6 Long Blades
 + Level 4.6 Axes
 + Level 4.6 Maces & Flails
 + Level 4.6 Polearms
 + Level 4.6 Staves
 + Level 4.6 Slings
 + Level 4.6 Bows
 + Level 4.6 Crossbows
 + Level 4.6 Throwing
 + Level 5.4 Armour
 + Level 6.6 Dodging
 + Level 4.6 Stealth
 + Level 4.6 Shields
 + Level 4.6 Unarmed Combat
 + Level 6.9 Spellcasting
 + Level 3.8 Conjurations
 + Level 3.8 Hexes
 + Level 6.7 Charms
 + Level 3.8 Summonings
 + Level 3.8 Necromancy
 + Level 3.8 Translocations
 + Level 3.8 Transmutations
 + Level 3.8 Fire Magic
 + Level 3.8 Ice Magic
 + Level 3.8 Air Magic
 + Level 3.8 Earth Magic
 + Level 3.8 Poison Magic
 + Level 5.1 Invocations
 + Level 4.6 Evocations


You had 7 spell levels left.
You knew the following spells:

 Your Spells              Type           Power        Failure   Level  Hunger
a - Infusion              Chrm           ####         1%          1    None
r - Regeneration          Chrm/Necr      ####......   11%         3    #......
s - Shroud of Golubria    Chrm/Tloc      ####......   5%          2    None
x - Mephitic Cloud        Conj/Pois/Air  ###.....     21%         3    #......
z - Spectral Weapon       Hex/Chrm       ####....     11%         3    #......
S - Song of Slaying       Chrm           #####...     3%          2    None


Dungeon Overview and Level Annotations

Branches:
Dungeon (9/15)             Temple (1/1) D:6
   Lair: D:8-11         Orc: D:9-12

Altars:
Ashenzari
Cheibriados
Gozag
Hepliaklqana
Makhleb
Okawaru
Qazlal
Ru
Uskayaw
Yredelemnul

Shops:
D:6 =

Annotations:
D:4 Menkaure
D:7 1 runed door, exclusion: gargoyle, Prince Ribbit
D:9 TheHza's ghost, journeyman DsMo


Innate Abilities, Weirdness & Mutations

Your experience applies equally to all skills.
You have very sharp teeth.
Your uncanny sense of smell can sniff out nearby items.
Your life essence is reduced to manifest your ancestor. (-10% HP)


Message History

You perforate the frilled lizard like a sieve!!!
You kill the frilled lizard!
No target in view!
You butcher the frilled lizard corpse.
G - 9 chunks of flesh {@w0} (gained 1)
You see here a frilled lizard skeleton. x2
H - a bubbling silvery potion Done exploring.
Done exploring.
(D) Dungeon (T) Temple
Where to? (Enter - D:5 @ (x,y), ? - help)
There is an open door here.
Things that are here:
a robe; the big kobold corpse of Pikel
There is a stone staircase leading down here.
You climb downwards.
There is a stone staircase leading up, spattered with blood here.
(D) Dungeon (T) Temple
Where to? (Enter - D:6, ? - help)
There is a stone staircase leading down here.
You climb downwards.
Level annotation: 1 runed door, exclusion: gargoyle, Prince Ribbit
There is a stone staircase leading up here.
(D) Dungeon (T) Temple
Where to? (Enter - D:7, ? - help)
There is a stone staircase leading down here.
You climb downwards.
There is a stone staircase leading up here.
(D) Dungeon (T) Temple
Where to? (Enter - D:8, ? - help)
There is a stone staircase leading down here.
Some of the chunks of flesh in your inventory have rotted away.
You climb downwards.
Level annotation: TheHza's ghost, journeyman DsMo You block TheHza's ghost's attack.
TheHza's ghost hits you!
There is a stone staircase leading up here.
You take 11 damage, and have 52/63 hp.
Space distorts slightly along a thin shroud covering your body.
TheHza's ghost barely misses you.
You now have 17/19 mp.
You miscast Infusion.
You are very lightly contaminated with residual magic.
Nothing appears to happen.
Edmée hits TheHza's ghost.
Your shroud bends TheHza's ghost's attack away.
You now have 16/19 mp.
You begin infusing your attacks with magical energy.
Edmée hits TheHza's ghost.
TheHza's ghost misses you.
You now have 15/19 mp.
You hit TheHza's ghost but do no damage.
Edmée hits TheHza's ghost.
You hit TheHza's ghost but do no damage.
Your shroud bends TheHza's ghost's attack away.
You hit TheHza's ghost.
Edmée barely misses TheHza's ghost.
You block TheHza's ghost's attack.
You now have 14/19 mp.
You hit TheHza's ghost but do no damage.
Edmée misses TheHza's ghost.
You block TheHza's ghost's attack.
You barely miss TheHza's ghost.
Edmée completely misses TheHza's ghost.
You hit TheHza's ghost. TheHza's ghost hits you!
Your shroud falls apart!
You take 12 damage, and have 45/63 hp.
You now have 14/19 mp.
You hit TheHza's ghost.
Edmée barely misses TheHza's ghost.
TheHza's ghost misses you.
You now have 13/19 mp.
You closely miss TheHza's ghost.
Edmée misses TheHza's ghost.
TheHza's ghost hits you!
You take 10 damage, and have 35/63 hp.
You hit TheHza's ghost.
Edmée barely misses TheHza's ghost.
You now have 12/19 mp.
Your shield prevents you from hitting TheHza's ghost.
TheHza's ghost hits you!
You take 6 damage, and have 29/63 hp.
You hit TheHza's ghost.
Edmée closely misses TheHza's ghost.
TheHza's ghost hits you.
You take 1 damage, and have 28/63 hp.
You now have 11/19 mp.
You hit TheHza's ghost.
You bite TheHza's ghost, but do no damage.
Edmée closely misses TheHza's ghost.
You now have 10/19 mp.
You closely miss TheHza's ghost.
TheHza's ghost hits you but does no damage.
You hit TheHza's ghost but do no damage.
Your bite misses TheHza's ghost.
Edmée hits TheHza's ghost but does no damage.
You block TheHza's ghost's attack.
You hit TheHza's ghost.
Edmée hits TheHza's ghost but does no damage.
TheHza's ghost hits you.
You take 5 damage, and have 24/63 hp.
You now have 10/19 mp.
You closely miss TheHza's ghost.
Edmée hits TheHza's ghost.
TheHza's ghost hits you!!
* * * LOW HITPOINT WARNING * * *
You take 18 damage, and have 6/63 hp.
MASSIVE DAMAGE!!
You feel much better.
Edmée closely misses TheHza's ghost.
TheHza's ghost hits you!!
* * * LOW HITPOINT WARNING * * *
You regained 12 hp, and now have 18/63 hp.
Edmée barely misses TheHza's ghost.
TheHza's ghost hits you!!
You die...

#.# #.# #.#
#########.#
..........#
########..# ##.##
#..#########
#.R@........
#.^W########
########.#.#
.........#.##
.#######.#..#
#.##.#######∆
#####...........
.................
######.##..#.####


You could see the friendly Edmée the ancestor and TheHza's ghost.

Vanquished Creatures
  A yak (D:8)
  A hungry ghost (D:3)
  Duvessa (D:6)
  An ice beast (D:6)
  A sky beast (D:6)
  An ogre (D:7)
  A centaur (D:9)
  A crocodile (D:7)
  A big kobold (D:8)
  A bullfrog (D:7)
  Dowan (D:6)
  A scorpion (D:7)
  2 wights (D:8)
  3 howler monkeys (D:7)
  3 crimson imps
  2 hounds
  6 orc priests
  2 orc wizards (D:6)
  A gnoll shaman (D:4)
  A bullfrog skeleton (D:7)
  Natasha (twice) (D:2)
  7 worker ants
  A worker ant zombie (D:8)
  3 gnolls (D:4)
  10 adders
  2 shadow imps (D:5)
  2 oozes
  3 worms
  2 dart slugs
  2 leopard geckos
  18 orcs
  3 ball pythons
  9 bats
  7 giant cockroaches
  7 goblins
  8 hobgoblins
  2 jackals (D:6)
  3 quokkas
  9 frilled lizards
  11 kobolds
  7 rats
150 creatures vanquished.

Vanquished Creatures (collateral kills)
  Pikel (D:5)
  3 slaves (D:5)
  A centaur (D:6)
  2 bullfrogs (D:7)
  3 wights (D:8)
  A howler monkey (D:7)
  A jelly (D:8)
  A quasit (D:8)
  A centaur zombie (D:6)
  An orc priest (D:5)
  An iguana (D:6)
  A hound skeleton (D:6)
  An adder (D:7)
  2 shadow imps
  2 orcs (D:9)
  A kobold (D:8)
23 creatures vanquished.

Vanquished Creatures (others)
  2 ancestors
2 creatures vanquished.

Grand Total: 175 creatures vanquished

Notes
Turn   | Place    | Note
-------+----------+-------------------------------------------
     0 | D:1      | Firecrotchwizard the Gnoll Skald began the quest for the Orb.
     0 | D:1      | Reached XP level 1. HP: 20/20 MP: 6/6
   187 | D:1      | Reached XP level 2. HP: 25/26 MP: 7/7
   191 | D:1      | Learned a level 2 spell: Shroud of Golubria
   194 | D:1      | Learned a level 2 spell: Song of Slaying
   672 | D:1      | Reached XP level 3. HP: 29/31 MP: 9/9
   693 | D:1      | Found a shattered altar of Ashenzari.
   863 | D:1      | Reached skill level 5 in Spellcasting
  1051 | D:2      | Noticed Natasha
  1068 | D:2      | Killed Natasha
  1068 | D:2      | Reached skill level 1 in Long Blades
  1068 | D:2      | Reached skill level 1 in Axes
  1068 | D:2      | Reached skill level 1 in Maces & Flails
  1068 | D:2      | Reached skill level 1 in Polearms
  1068 | D:2      | Reached skill level 1 in Staves
  1068 | D:2      | Reached skill level 1 in Slings
  1068 | D:2      | Reached skill level 1 in Bows
  1068 | D:2      | Reached skill level 1 in Crossbows
  1068 | D:2      | Reached skill level 1 in Throwing
  1068 | D:2      | Reached skill level 1 in Stealth
  1068 | D:2      | Reached skill level 1 in Shields
  1068 | D:2      | Reached skill level 1 in Unarmed Combat
  1068 | D:2      | Reached skill level 1 in Invocations
  1068 | D:2      | Reached skill level 1 in Evocations
  1238 | D:2      | Reached XP level 4. HP: 38/38 MP: 11/11
  1643 | D:2      | Reached skill level 1 in Conjurations
  1643 | D:2      | Reached skill level 1 in Hexes
  1643 | D:2      | Reached skill level 1 in Summonings
  1643 | D:2      | Reached skill level 1 in Necromancy
  1643 | D:2      | Reached skill level 1 in Translocations
  1643 | D:2      | Reached skill level 1 in Transmutations
  1643 | D:2      | Reached skill level 1 in Fire Magic
  1643 | D:2      | Reached skill level 1 in Ice Magic
  1643 | D:2      | Reached skill level 1 in Air Magic
  1643 | D:2      | Reached skill level 1 in Earth Magic
  1643 | D:2      | Reached skill level 1 in Poison Magic
  1651 | D:2      | Learned a level 3 spell: Spectral Weapon
  1740 | D:2      | Learned a level 3 spell: Regeneration
  1927 | D:2      | Noticed Natasha
  1943 | D:2      | Killed Natasha
  1943 | D:2      | Reached XP level 5. HP: 40/43 MP: 4/12
  2163 | D:2      | Reached skill level 3 in Armour
  2883 | D:3      | Noticed a hungry ghost
  2898 | D:3      | Killed a hungry ghost
  2898 | D:3      | Reached skill level 5 in Fighting
  2898 | D:3      | Reached skill level 5 in Short Blades
  2898 | D:3      | Reached skill level 2 in Long Blades
  2898 | D:3      | Reached skill level 2 in Axes
  2898 | D:3      | Reached skill level 2 in Maces & Flails
  2898 | D:3      | Reached skill level 2 in Polearms
  2898 | D:3      | Reached skill level 2 in Staves
  2898 | D:3      | Reached skill level 2 in Slings
  2898 | D:3      | Reached skill level 2 in Bows
  2898 | D:3      | Reached skill level 2 in Crossbows
  2898 | D:3      | Reached skill level 2 in Throwing
  2898 | D:3      | Reached skill level 5 in Dodging
  2898 | D:3      | Reached skill level 2 in Stealth
  2898 | D:3      | Reached skill level 2 in Shields
  2898 | D:3      | Reached skill level 2 in Unarmed Combat
  2898 | D:3      | Reached skill level 2 in Invocations
  2898 | D:3      | Reached skill level 2 in Evocations
  2898 | D:3      | Reached XP level 6. HP: 48/51 MP: 3/14
  3037 | D:3      | Found an opulent altar of Gozag.
  3126 | D:3      | Found a sacrificial altar of Ru.
  3131 | D:3      | Found a burning altar of Makhleb.
  3377 | D:4      | Noticed Menkaure
  3588 | D:4      | Reached XP level 7. HP: 39/56 MP: 3/15
  4047 | D:5      | Entered Level 5 of the Dungeon
  4130 | D:5      | Noticed Pikel
  4214 | D:5      | Reached skill level 2 in Conjurations
  4214 | D:5      | Reached skill level 2 in Hexes
  4214 | D:5      | Reached skill level 2 in Summonings
  4214 | D:5      | Reached skill level 2 in Necromancy
  4214 | D:5      | Reached skill level 2 in Translocations
  4214 | D:5      | Reached skill level 2 in Transmutations
  4214 | D:5      | Reached skill level 2 in Fire Magic
  4214 | D:5      | Reached skill level 2 in Ice Magic
  4214 | D:5      | Reached skill level 2 in Air Magic
  4214 | D:5      | Reached skill level 2 in Earth Magic
  4214 | D:5      | Reached skill level 2 in Poison Magic
  4896 | D:6      | Reached skill level 3 in Invocations
  4934 | D:6      | Noticed Duvessa
  4939 | D:6      | Noticed Dowan
  4986 | D:6      | Reached XP level 8. HP: 63/63 MP: 4/16
  5257 | D:6      | Killed Duvessa
  5257 | D:6      | Reached skill level 3 in Long Blades
  5257 | D:6      | Reached skill level 3 in Axes
  5257 | D:6      | Reached skill level 3 in Maces & Flails
  5257 | D:6      | Reached skill level 3 in Polearms
  5257 | D:6      | Reached skill level 3 in Staves
  5257 | D:6      | Reached skill level 3 in Slings
  5257 | D:6      | Reached skill level 3 in Bows
  5257 | D:6      | Reached skill level 3 in Crossbows
  5257 | D:6      | Reached skill level 3 in Throwing
  5257 | D:6      | Reached skill level 4 in Armour
  5257 | D:6      | Reached skill level 3 in Stealth
  5257 | D:6      | Reached skill level 3 in Shields
  5257 | D:6      | Reached skill level 3 in Unarmed Combat
  5257 | D:6      | Reached skill level 6 in Charms
  5257 | D:6      | Reached skill level 3 in Evocations
  5266 | D:6      | Killed Dowan
  5401 | D:6      | Found a staircase to the Ecumenical Temple.
  5410 | Temple   | Entered the Ecumenical Temple
  5436 | Temple   | Became a worshipper of Hepliaklqana the Forgotten
  5684 | D:6      | Found Yguisek's Jewellery Shoppe.
  5786 | D:6      | Reached skill level 6 in Spellcasting
  6496 | D:7      | Noticed a gargoyle
  6502 | D:7      | Noticed Prince Ribbit
  6684 | D:7      | Reached skill level 3 in Conjurations
  6684 | D:7      | Reached skill level 3 in Hexes
  6684 | D:7      | Reached skill level 3 in Summonings
  6684 | D:7      | Reached skill level 3 in Necromancy
  6684 | D:7      | Reached skill level 3 in Translocations
  6684 | D:7      | Reached skill level 3 in Transmutations
  6684 | D:7      | Reached skill level 3 in Fire Magic
  6684 | D:7      | Reached skill level 3 in Ice Magic
  6684 | D:7      | Reached skill level 3 in Air Magic
  6684 | D:7      | Reached skill level 3 in Earth Magic
  6684 | D:7      | Reached skill level 3 in Poison Magic
  6684 | D:7      | Reached skill level 4 in Invocations
  6693 | D:7      | Reached XP level 9. HP: 55/62 MP: 1/18
  6696 | D:7      | Reached skill level 6 in Fighting
  6696 | D:7      | Reached skill level 6 in Short Blades
  6696 | D:7      | Reached skill level 6 in Dodging
  6705 | D:7      | Got a twitching platinum amulet
  6829 | D:7      | Identified the amulet of Qaticij {rElec MR+ Regen+} (You found it on level 7 of the Dungeon)
  6951 | D:7      | Reached * piety under Hepliaklqana
  7045 | D:7      | Found a runed door.
  7546 | D:8      | Reached skill level 4 in Long Blades
  7546 | D:8      | Reached skill level 4 in Axes
  7546 | D:8      | Reached skill level 4 in Maces & Flails
  7546 | D:8      | Reached skill level 4 in Polearms
  7546 | D:8      | Reached skill level 4 in Staves
  7546 | D:8      | Reached skill level 4 in Slings
  7546 | D:8      | Reached skill level 4 in Bows
  7546 | D:8      | Reached skill level 4 in Crossbows
  7546 | D:8      | Reached skill level 4 in Throwing
  7546 | D:8      | Reached skill level 4 in Stealth
  7546 | D:8      | Reached skill level 4 in Shields
  7546 | D:8      | Reached skill level 4 in Unarmed Combat
  7546 | D:8      | Reached skill level 4 in Evocations
  7784 | D:8      | Learned a level 3 spell: Mephitic Cloud
  7887 | D:8      | Reached skill level 5 in Armour
  8211 | D:8      | Found a basalt altar of Yredelemnul.
  8442 | D:9      | Noticed TheHza's ghost (journeyman DsMo)
  8914 | D:5      | Killed Pikel
  8914 | D:5      | Reached skill level 5 in Invocations
  9151 | D:9      | HP: 6/63 [TheHza's ghost (18)]
  9153 | D:9      | Slain by TheHza's ghost

Vault maps used:
D:1:      dpeg_arrival_windows_large_door, ashenzari_altar_1
D:2:      uniq_natasha
D:3:      minmay_overflow_temple_star_quad, palyth_stone_intersect
D:4:      uniq_menkaure
D:5:      first_bread, uniq_pikel
D:6:      minmay_temple_entry_junction, serial_shops, nicolae_shop_behind_doors,
          uniq_duvessa
D:7:      grunt_decor_arrowhead, uniq_prince_ribbit1, uniq_crazy_yiuf_cottage
D:8:      basic_altar
D:9:      minmay_goldmine, kennysheep_little_box, overflow_temple_1_default,
          serial_shops, nicolae_shop_competitors_out_of_business,
          grunt_ogre_cave
Temple:   minmay_crystal_spiral_temple

Skill      XL: |  1  2  3  4  5  6  7  8  9 |
---------------+----------------------------+-----
Spellcasting   | 5 6 |  6.9
Long Blades    | 1 2 3 4 |  4.6
Axes           | 1 2 3 4 |  4.6
Maces & Flails | 1 2 3 4 |  4.6
Polearms       | 1 2 3 4 |  4.6
Staves         | 1 2 3 4 |  4.6
Slings         | 1 2 3 4 |  4.6
Bows           | 1 2 3 4 |  4.6
Crossbows      | 1 2 3 4 |  4.6
Throwing       | 1 2 3 4 |  4.6
Stealth        | 1 2 3 4 |  4.6
Shields        | 1 2 3 4 |  4.6
Unarmed Combat | 1 2 3 4 |  4.6
Invocations    | 1 2 3 4 5 |  5.1
Evocations     | 1 2 3 4 |  4.6
Conjurations   | 1 2 3 |  3.8
Hexes          | 1 2 3 |  3.8
Summonings     | 1 2 3 |  3.8
Necromancy     | 1 2 3 |  3.8
Translocations | 1 2 3 |  3.8
Transmutations | 1 2 3 |  3.8
Fire Magic     | 1 2 3 |  3.8
Ice Magic      | 1 2 3 |  3.8
Air Magic      | 1 2 3 |  3.8
Earth Magic    | 1 2 3 |  3.8
Poison Magic   | 1 2 3 |  3.8
Armour         | 3 4 5 |  5.4
Fighting       | 5 6 |  6.6
Short Blades   | 5 6 |  6.6
Dodging        | 5 6 |  6.6
Charms         | 6 |  6.7

Action                   |  1- 3 |  4- 6 |  7- 9 || total
-------------------------+-------+-------+-------++-------
Melee: Short sword       |    19 |       |       ||    19
       Dagger            |   110 |   255 |   589 ||   954
       Bite              |    10 |    21 |    87 ||   118
       Punch             |       |     2 |     4 ||     6
 Cast: Infusion          |     6 |    17 |    28 ||    51
       Shroud of Golubri |     4 |    17 |    32 ||    53
       Spectral Weapon   |       |     3 |     3 ||     6
Invok: Recall Ancestor   |       |       |     2 ||     2
  Use: Scroll            |       |       |    17 ||    17
       Potion            |       |       |     1 ||     1
 Stab: Sleeping          |       |     4 |     5 ||     9
       Distracted        |       |       |     4 ||     4
  Eat: Chunk             |     1 |     8 |    11 ||    20
       Royal jelly       |       |       |     1 ||     1
       Fruit             |       |       |     4 ||     4
       Meat ration       |       |       |     1 ||     1
Armor: Leather armour    |    24 |     3 |       ||    27
       Ring mail         |       |    19 |       ||    19
       Steam dragon scal |       |     5 |    68 ||    73
Dodge: Dodged            |    78 |   162 |   363 ||   603
Block: Shield            |       |       |    70 ||    70
       Buckler           |       |       |    18 ||    18

Table legend:
 A = Spawn XP
 B = Non-spawn XP
 C = Spawn XP percentage of total XP
 D = Spawn monster count
 E = Non-spawn monster count
 F = Spawn count percentage of total count
 G = Total turns spent on level
                    A         B        C        D         E        F      G
               +---------+---------+-------+---------+---------+-------+---------
         Total |       0 |    4590 |   0.0 |       0 |     170 |   0.0 |  9153
               +---------+---------+-------+---------+---------+-------+---------
           D:1 |       0 |      40 |   0.0 |       0 |      27 |   0.0 |  1017
           D:2 |       0 |     199 |   0.0 |       0 |      25 |   0.0 |  1213
           D:3 |       0 |     268 |   0.0 |       0 |      27 |   0.0 |   959
           D:4 |       0 |     268 |   0.0 |       0 |      16 |   0.0 |   858
           D:5 |       0 |     958 |   0.0 |       0 |      12 |   0.0 |  1319
           D:6 |       0 |    1041 |   0.0 |       0 |      26 |   0.0 |  1483
           D:7 |       0 |     878 |   0.0 |       0 |      15 |   0.0 |  1227
           D:8 |       0 |     739 |   0.0 |       0 |      15 |   0.0 |   868
           D:9 |       0 |     199 |   0.0 |       0 |       7 |   0.0 |   157
               +---------+---------+-------+---------+---------+-------+---------

Vault maps used:
D:1:      dpeg_arrival_windows_large_door, ashenzari_altar_1
D:2:      uniq_natasha
D:3:      minmay_overflow_temple_star_quad, palyth_stone_intersect
D:4:      uniq_menkaure
D:5:      first_bread, uniq_pikel
D:6:      minmay_temple_entry_junction, serial_shops, nicolae_shop_behind_doors,
          uniq_duvessa
D:7:      grunt_decor_arrowhead, uniq_prince_ribbit1, uniq_crazy_yiuf_cottage
D:8:      basic_altar
D:9:      minmay_goldmine, kennysheep_little_box, overflow_temple_1_default,
          serial_shops, nicolae_shop_competitors_out_of_business,
          grunt_ogre_cave
Temple:   minmay_crystal_spiral_temple

Table legend:
 A = Turns spent in this place as a percentage of turns spent in the entire game.
 B = Non-inter-level travel turns spent in this place as a percentage of non-inter-level travel turns spent in the entire game.
 C = Inter-level travel turns spent in this place as a percentage of turns spent in this place.
 D = Turns resting spent in this place as a percentage of non-inter-level travel turns spent in this place.
 E = Turns spent auto-exploring this place as a percentage of non-inter-level travel turns spent in this place.
 F = Non-inter-level travel turns spent in this place divided by the number of levels of this place that you've seen.
                   A       B       C       D       E      F
               +-------+-------+-------+-------+-------+----------------------
         Total | 100.0 | 100.0 |   4.0 |  29.7 |  44.7 | 878.6
       Dungeon |  99.4 |  99.7 |   3.7 |  29.8 |  44.6 | 973.3
        Temple |   0.6 |   0.3 |  50.0 |   0.0 |  92.3 |  26.0
               +-------+-------+-------+-------+-------+----------------------

Table legend:
 A = Kills in this place as a percentage of kills in entire the game.
 B = Kills by you in this place as a percentage of kills by you in the entire game.
 C = Kills by friends in this place as a percentage of kills by friends in the entire game.
 D = Other kills in this place as a percentage of other kills in the entire game.
 E = Experience gained in this place as a percentage of experience gained in the entire game.
 F = Experience gained in this place divided by the number of levels of this place that you have seen.
                   A       B       C       D       E      F
               +-------+-------+-------+-------+-------+----------------------
         Total | 100.0 | 100.0 | 100.0 |   N/A | 100.0 | 459.0
       Dungeon | 100.0 | 100.0 | 100.0 |   N/A | 100.0 | 510.0
               +-------+-------+-------+-------+-------+----------------------
